Map: [ESL] Royal Blood

Players

GuMiho - Winner!

  • Race: Terran Terran
  • Spawn Location: 1:00

Solar

  • Race: Zerg Zerg
  • Spawn Location: 7:00

Event: ESL SC2 Masters 2023 Summer (Finals)

VOD

Have the link to the VOD?

Description

Time

  • Played on: June 18, 2023, 10:58 a.m.
  • Length: 13:41

All games in this series

Show
View Real Time Build Order
Export as new Build Order

GuMiho Terran - Winner!

Build Orders: Gas First Reaper Expand, Hellion Banshee 

Get SALT Encoding   

  12  0:00  SCV  
  13  0:12  SCV  
  14  0:19  Supply Depot  
  14  0:24  SCV  
  14  0:28  Refinery  
  15  0:41  SCV  
  16  0:44  Barracks  
  16  0:53  SCV  
  17  1:05  SCV  
  18  1:17  SCV  
  19  1:30  Orbital Command, Reaper  
  20  1:42  Command Center  
  20  1:52  Factory  
  20  1:56  SCV  
  21  2:02  Refinery  
  21  2:06  Barracks Reactor  
  21  2:08  SCV  
  22  2:13  Supply Depot  
  22  2:20  SCV  
  23  2:34  SCV  
  24  2:40  Starport  
  24  2:46  Hellion x2  
  24  2:48  SCV  
  24  2:49  Reaper  
  30  2:56  Orbital Command  
  30  3:05  SCV  
  31  3:08  Hellion  
  31  3:09  Hellion  
  35  3:16  Starport Tech Lab  
  35  3:17  SCV  
  36  3:21  Reaper  
  36  3:22  SCV  
  36  3:25  Supply Depot  
  38  3:30  SCV  
  38  3:32  Hellion  
  41  3:34  SCV  
  42  3:42  Hellion  
  42  3:45  SCV  
  42  3:46  SCV  
  46  3:50  Banshee  
  49  3:57  SCV  
  49  3:59  SCV  
  49  4:06  Cloaking Field, Hellion x2  
  49  4:09  SCV  
  50  4:11  SCV  
  48  4:21  SCV  
  48  4:23  SCV  
  48  4:26  Barracks Tech Lab  
  48  4:27  Hellion  
  52  4:33  SCV  
  52  4:35  SCV  
  52  4:39  Command Center  
  52  4:44  Supply Depot  
  52  4:49  Stimpack  
  52  4:50  SCV x2  
  52  5:02  Banshee  
  52  5:06  SCV x2  
  51  5:14  Barracks, Marine  
  51  5:18  SCV x2, Barracks, Engineering Bay x2  
  54  5:24  Barracks  
  54  5:25  Refinery, Barracks  
  54  5:27  Refinery, Factory Reactor  
  54  5:30  SCV x2  
  54  5:32  Marine  
  58  5:42  SCV x2  
  58  5:47  Terran Infantry Weapons Level 1, Terran Infantry Armor Level 1  
  59  5:50  Marine  
  59  5:51  Orbital Command  
  59  5:55  SCV x2  
  62  5:58  Starport Reactor  
  62  6:03  Supply Depot  
  62  6:05  Supply Depot  
  62  6:07  SCV x2  
  64  6:12  Orbital Command  
  64  6:19  Barracks Reactor x2, SCV x2, Siege Tank  
  64  6:20  Marine x2  
  64  6:22  Marine x2  
  73  6:30  Marine  
  73  6:31  SCV x2  
  73  6:32  Combat Shield  
  76  6:37  SCV  
  76  6:38  Marine x2  
  79  6:40  Medivac x2, Marine  
  79  6:43  SCV x2  
  79  6:45  Supply Depot  
  86  6:47  Marine, Supply Depot  
  86  6:48  Marine  
  86  6:50  SCV  
  86  6:53  Siege Tank  
  92  6:55  SCV  
  92  6:56  Armory  
  93  7:02  Supply Depot x2  
  93  7:03  Supply Depot  
  93  7:07  SCV x2  
  95  7:09  Marine x5  
  95  7:10  Marine x4  
  95  7:15  Refinery, Medivac  
  104  7:16  Medivac  
  104  7:20  Factory, Supply Depot  
  108  7:23  Supply Depot  
  108  7:24  SCV x2  
  108  7:28  Siege Tank  
  113  7:30  Marine x5  
  113  7:33  Marine x2  
  113  7:34  Marine  
  113  7:35  Marine  
  122  7:37  Supply Depot  
  122  7:52  Terran Infantry Weapons Level 2  
  122  7:54  Terran Infantry Armor Level 2  
  122  7:56  Marine x6  
  128  8:01  Marine  
  128  8:04  Marine x2  
  131  8:07  Siege Tank  
  131  8:12  Factory Tech Lab  
  134  8:14  Marine x6  
  134  8:18  Medivac  
  134  8:19  Marine  
  142  8:21  Marine  
  142  8:22  Marine  
  142  8:23  Supply Depot  
  142  8:24  Supply Depot  
  142  8:26  Supply Depot  
  144  8:31  Marine  
  144  8:32  Marine x5  
  150  8:37  Marine  
  150  8:39  Marine  
  150  8:40  Marine  
  153  8:44  Command Center  
  153  8:46  Siege Tank  
  153  8:48  Siege Tank  
  159  8:49  SCV x2, Marine x2  
  163  8:55  Marine  
  163  8:56  Marine  
  163  8:57  Marine  
  163  8:58  Marine x3  
  163  8:59  Marine  
  170  9:04  Terran Vehicle Weapons Level 1  
  170  9:12  Marine x2  
  170  9:13  Liberator x2, Marine x2  
  170  9:15  Marine x3  
  170  9:16  Marine  
  178  9:17  Marine  
  179  9:30  Marine x2  
  181  9:36  Supply Depot  
  181  9:37  Supply Depot  
  181  9:38  Barracks  
  181  9:41  Barracks  
  180  9:55  Siege Tank x2  
  180  9:56  Marine x2  
  180  9:58  Medivac x2  
  192  10:03  Marine  
  192  10:04  Marine x4  
  192  10:06  Marine x2  
  199  10:14  Marine  
  200  10:16  Terran Infantry Weapons Level 3  
  200  10:23  Barracks  
  200  10:32  Command Center  
  200  10:36  Terran Infantry Armor Level 3  
  200  10:58  Marine  
  200  11:01  Terran Vehicle Weapons Level 2  
  199  11:04  Marine  
  199  11:07  Marine x2  
  192  11:13  Marine, Siege Tank x2  
  192  11:14  Marine  
  192  11:18  Planetary Fortress  
  200  11:32  Barracks Tech Lab x2  
  200  11:33  Refinery x2, Command Center  
  200  11:34  Barracks Tech Lab  
  200  11:35  Command Center  
  191  11:45  Siege Tank x2  
  194  11:53  Marine x12  
  156  11:55  Medivac  
  155  12:11  Marine x5  
  155  12:12  Marauder x4  
  168  12:17  Siege Tank x2  
  168  12:22  Marine  
  157  12:24  Marine x2  
  157  12:28  Marine  
  157  12:29  Marine x2  
  163  12:30  Medivac  
  163  12:33  Marine x2, Marauder x4  
  163  12:36  Orbital Command  
  171  12:39  SCV x3  
  171  12:40  Marine  
  171  12:42  Marine x2  
  177  12:46  Marine  
  177  12:49  Medivac, Siege Tank x2  
  177  12:51  SCV x3  
  175  13:00  Medivac  
  175  13:03  SCV  
  175  13:04  Marine x2  
  175  13:05  Marine x2, Marauder x2  
  170  13:07  Marine x2  
  170  13:08  Marauder x2  
Show
View Real Time Build Order
Export as new Build Order

Solar Zerg 

Build Orders: Hatch First 

Get SALT Encoding   

  12  0:00  Drone  
  13  0:12  Overlord  
  13  0:17  Drone  
  14  0:31  Drone x2  
  16  0:47  Hatchery  
  15  0:50  Drone  
  15  0:54  Drone  
  17  0:57  Drone  
  18  1:08  Extractor  
  17  1:13  Spawning Pool  
  17  1:16  Drone  
  17  1:19  Drone  
  18  1:27  Drone  
  19  1:39  Drone  
  20  1:50  Drone  
  21  1:59  Queen x2  
  21  2:01  Zergling x4  
  27  2:10  Zergling x2  
  27  2:15  Hatchery  
  27  2:19  Overlord  
  27  2:22  Drone  
  27  2:37  Queen  
  27  2:38  Drone  
  27  2:39  Drone  
  27  2:41  Metabolic Boost  
  31  2:47  Overlord  
  31  2:50  Drone  
  32  2:53  Drone  
  32  2:54  Drone  
  35  2:58  Drone  
  35  3:06  Drone x2  
  35  3:10  Drone x3  
  40  3:16  Queen  
  42  3:20  Overlord  
  42  3:22  Drone  
  43  3:27  Queen  
  43  3:29  Drone  
  43  3:33  Overlord  
  46  3:38  Zergling x2  
  46  3:40  Queen  
  49  3:42  Zergling x2  
  49  3:43  Drone  
  49  3:47  Zergling x4  
  53  3:52  Zergling x6  
  53  3:57  Drone x2  
  49  4:07  Drone x2  
  49  4:12  Drone  
  49  4:14  Drone  
  50  4:18  Drone  
  50  4:21  Drone x2  
  50  4:24  Overlord  
  53  4:25  Drone  
  53  4:28  Drone  
  55  4:32  Queen  
  55  4:38  Drone x2  
  59  4:43  Spore Crawler, Drone  
  59  4:44  Drone  
  60  4:46  Spore Crawler  
  60  4:47  Spore Crawler  
  60  4:48  Zergling x2  
  60  4:50  Zergling x2  
  60  4:53  Zergling x4  
  60  4:57  Zergling x4  
  57  5:05  Drone x4  
  58  5:08  Drone  
  58  5:13  Drone x2  
  61  5:16  Drone  
  61  5:17  Drone  
  61  5:20  Drone x3  
  66  5:25  Drone, Overlord  
  67  5:28  Drone x2  
  67  5:34  Lair  
  69  5:36  Baneling Nest  
  69  5:37  Drone  
  69  5:40  Drone, Extractor  
  69  5:42  Drone, Extractor  
  68  5:43  Drone  
  68  5:44  Drone  
  68  5:48  Drone x3  
  68  5:49  Drone  
  74  5:51  Drone x2  
  74  5:54  Overlord  
  74  5:55  Drone  
  74  5:56  Drone  
  78  5:58  Drone  
  78  5:59  Drone  
  78  6:00  Drone  
  81  6:10  Extractor  
  81  6:11  Zergling x2, Hatchery  
  80  6:18  Drone x7  
  84  6:20  Drone  
  84  6:22  Drone x2  
  84  6:25  Extractor  
  85  6:26  Drone x2  
  85  6:27  Drone  
  85  6:28  Drone  
  85  6:30  Overlord  
  85  6:31  Overseer  
  89  6:36  Overlord  
  89  6:41  Extractor  
  89  6:42  Centrifugal Hooks  
  89  6:44  Evolution Chamber x2  
  86  6:48  Zergling x6  
  86  6:49  Zergling x10  
  94  6:54  Zergling x10  
  94  6:56  Zergling x4  
  94  7:00  Zergling x2  
  102  7:04  Drone  
  102  7:07  Baneling x9  
  102  7:08  Baneling, Drone  
  103  7:10  Overlord  
  104  7:16  Zerg Ground Armor Level 1, Zerg Melee Weapons Level 1  
  104  7:17  Drone x2  
  104  7:18  Overlord  
  104  7:20  Overlord  
  106  7:23  Queen  
  106  7:25  Drone  
  106  7:27  Zergling x2  
  106  7:28  Spore Crawler, Zergling x2  
  106  7:29  Zergling x2  
  111  7:35  Overlord  
  111  7:36  Overseer  
  111  7:37  Zergling x8  
  111  7:39  Drone x2  
  111  7:42  Drone x2  
  119  7:44  Baneling x2  
  119  7:46  Zergling x8  
  119  7:48  Drone  
  119  7:50  Zergling x6  
  127  7:57  Hydralisk Den  
  126  8:00  Zergling x6, Extractor  
  126  8:02  Drone  
  128  8:05  Overlord  
  128  8:06  Zergling x2  
  128  8:07  Zergling x8  
  128  8:09  Baneling x3  
  133  8:13  Zergling x2  
  133  8:15  Overlord  
  133  8:18  Overlord  
  134  8:21  Overlord  
  134  8:24  Overlord  
  134  8:25  Zergling x4  
  135  8:30  Baneling  
  135  8:31  Baneling x11  
  133  8:35  Zergling x8  
  133  8:37  Hatchery  
  133  8:38  Zergling x6  
  136  8:41  Zergling x2  
  136  8:42  Zergling x6  
  136  8:44  Zergling x2  
  136  8:46  Zergling x6  
  137  8:52  Drone  
  138  8:58  Hydralisk x2  
  138  9:02  Grooved Spines  
  142  9:08  Overlord  
  142  9:10  Hatchery  
  142  9:11  Overlord  
  140  9:21  Zerg Ground Armor Level 2, Overlord, Zerg Melee Weapons Level 2  
  140  9:26  Overlord  
  140  9:28  Hydralisk x4, Hatchery  
  140  9:30  Infestation Pit  
  144  9:32  Zergling x4  
  144  9:36  Zergling x8  
  150  9:40  Zergling x4  
  148  9:46  Drone x2  
  150  9:53  Zergling x12  
  150  9:58  Pneumatized Carapace  
  150  9:59  Zergling x4  
  158  10:02  Overlord  
  157  10:08  Hydralisk  
  157  10:14  Muscular Augments  
  159  10:17  Hive  
  159  10:19  Drone  
  159  10:20  Drone  
  159  10:21  Drone  
  162  10:25  Zergling x2  
  162  10:26  Zergling x8  
  162  10:28  Hatchery  
  166  10:29  Overlord  
  166  10:32  Baneling x5  
  166  10:34  Zergling x2  
  167  10:36  Drone  
  168  10:47  Zergling x10  
  168  10:48  Zergling x8  
  176  10:50  Zergling x2  
  176  10:51  Zergling x2  
  176  10:53  Zergling x2  
  176  10:56  Zergling x4  
  180  10:59  Zergling x6  
  183  11:05  Zergling x6  
  171  11:11  Hydralisk x2  
  171  11:13  Baneling x13  
  171  11:15  Hydralisk  
  171  11:16  Zergling x2  
  178  11:19  Zergling x4  
  178  11:21  Zergling x4  
  178  11:22  Zergling x2  
  178  11:23  Zergling x2  
  178  11:25  Zergling x4  
  186  11:26  Hydralisk  
  186  11:27  Zergling x2  
  186  11:29  Zergling x2  
  186  11:32  Overlord  
  190  11:34  Overlord  
  190  11:39  Zergling x6  
  183  11:42  Baneling x12  
  183  11:44  Zerg Missile Weapons Level 1  
  174  11:53  Viper x2  
  130  11:56  Zergling x18  
  130  12:01  Hydralisk x3  
  138  12:03  Baneling x3  
  138  12:04  Overseer  
  138  12:06  Zergling x4  
  146  12:13  Zergling x2  
  146  12:14  Zergling x6  
  147  12:22  Zergling x6  
  137  12:25  Baneling  
  137  12:26  Baneling x7  
  137  12:30  Zergling x12  
  137  12:37  Zergling x2, Lurker Den  
  139  12:42  Drone  
  139  12:43  Zergling x4  
  139  12:44  Zergling x4  
  144  12:45  Hydralisk  
  144  12:46  Hydralisk  
  144  12:51  Baneling x7  
  140  12:53  Hydralisk x4  
  140  12:57  Zergling x6  
  141  13:04  Zergling x16  
  139  13:12  Zergling x6  
  144  13:13  Baneling x2  
  144  13:16  Zergling x4  
Tags
 
Add a new tag
Caveats
  • Supply blocks, unpowered buildings, or Contaminate may cause inaccurate times.
  • Supply counts are checked every 10 seconds.